 Dungeon Crawl Stone Soup version 0.27.1-33-g824d729ab1 (webtiles) character file.

Game seed: 10113451275106493867

102 alasdair19 the Shooter (level 4, -4/38 HPs)
             Began as a Minotaur Hunter on Dec 27, 2021.
             Slain by Ijyb (9 damage)
             ... on level 3 of the Dungeon on Dec 28, 2021.
             The game lasted 00:09:01 (2097 turns).

alasdair19 the Shooter (Minotaur Hunter)            Turns: 2097, Time: 00:09:01

Health: -4/38      AC:  3    Str: 20    XL:     4   Next: 49%
Magic:  3/3        EV: 12    Int:  8    God:
Gold:   55         SH:  0    Dex: 17    Spells: 3/3 levels left

rFire    . . .     SeeInvis .   e - +1 morningstar (venom)
rCold    . . .     Faith    .   (no shield)
rNeg     + . .     Spirit   .   c - +0 leather armour
rPois    +         Reflect  .   (helmet restricted)
rElec    .         Harm     .   (no cloak)
rCorr    .         Rampage  .   (no gloves)
Will     .....                  (no boots)
Stlth    ++........             (no amulet)
HPRegen  0.12/turn              a - ring "Evuxzieg" {rPois rN+ Str+3 Dex+6}
MPRegen  0.08/turn              (no ring)

@: no status effects
A: horns 2, retaliatory headbutt
a: no special abilities


You were on level 3 of the Dungeon.
You visited 1 branch of the dungeon, and saw 3 of its levels.

You collected 55 gold pieces.

Inventory:

Hand Weapons
 e - a +1 morningstar of venom (weapon)
 h - a +0 short sword
 q - a +1 shortbow
Missiles
 k - 11 arrows
Armour
 c - a +0 leather armour (worn)
 f - a +0 ring mail
Jewellery
 a - the ring "Evuxzieg" (left hand) {rPois rN+ Str+3 Dex+6}
   (You acquired it on level 2 of the Dungeon)

   [ring of dexterity]

   Str:       It affects your strength (+3).
   Dex:       It affects your dexterity (+6).
   rPois:     It protects you from poison.
   rN:        It protects you from negative energy.
Scrolls
 b - a scroll of fear
 i - 2 scrolls of enchant weapon
Potions
 d - a potion of lignification {unknown}
 g - a potion of invisibility {unknown}
 j - a potion of ambrosia {unknown}
 m - a potion of attraction {unknown}


   Skills:
 + Level 3.1 Fighting
 * Level 2.2 Maces & Flails
 + Level 5.6 Bows
 + Level 1.1 Armour
 - Level 2.1 Dodging
 - Level 0.7 Stealth


You had 3 spell levels left.
You didn't know any spells.
Your spell library was empty.

Dungeon Overview and Level Annotations

Branches:
Dungeon (3/15)

Altars:

Annotations:
D:3 Ijyb


Innate Abilities, Weirdness & Mutations

You have a pair of horns on your head.
You reflexively headbutt those who attack you in melee.


Message History

A frilled lizard comes into view.
The helpless frilled lizard fails to defend itself.
You thump the frilled lizard!
You kill the frilled lizard!
You see here a frilled lizard corpse.
A kobold and Ijyb come into view.
Ijyb is wielding a +4 club and carrying a wand of mindburst (9).
Ijyb shouts!
Your +1 morningstar of venom stops dripping with poison.
q - a +1 shortbow (weapon)
Fire: 15 arrows
Press: ? - help, Q - select action Shift-Dir - straight line, f - Ijyb
Aim: Ijyb, wielding a +4 club, wearing a +0 leather armour and carrying a wand of mindburst (9) (58% to hit)
You shoot an arrow. The arrow closely misses Ijyb.
The kobold shouts!
Fire: 14 arrows
Press: ? - help, Q - select action Shift-Dir - straight line, f/p - Ijyb
Aim: Ijyb, wielding a +4 club, wearing a +0 leather armour and carrying a wand of mindburst (9) (58% to hit)
You shoot an arrow. The arrow hits Ijyb but does no damage.
Unknown command.
Fire: 13 arrows
Press: ? - help, Q - select action Shift-Dir - straight line, f/p - Ijyb
Aim: Ijyb, wielding a +4 club, wearing a +0 leather armour and carrying a wand of mindburst (9) (58% to hit)
You shoot an arrow. The arrow barely misses Ijyb.
Fire: 12 arrows
Press: ? - help, Q - select action Shift-Dir - straight line, f/p - Ijyb
Aim: Ijyb, wielding a +4 club, wearing a +0 leather armour and carrying a wand of mindburst (9) (58% to hit)
You shoot an arrow. The arrow hits Ijyb.
Ijyb is lightly wounded.
Your +1 morningstar of venom begins to drip with poison!
e - a +1 morningstar of venom (weapon)
You barely miss Ijyb. Your headbutt misses Ijyb.
Ijyb is lightly wounded.
Ijyb zaps a wand.
Your mind is blasted!
Ouch! That really hurt!
* * * LOW HITPOINT WARNING * * *
You hit Ijyb.
Ijyb is poisoned.
Your headbutt misses Ijyb.
Ijyb is lightly wounded.
Ijyb zaps a wand.
You barely resist. Ijyb hits you with a +4 club!
You die...

+#....(. ......#
###.....# ......(#
#.....# ...(###.#
######.gK...#
#......@########
#.###...†.......
#.#.....####
#.#####.# #.# #.#
#.# #.# #.# #.#
#.# #.##########
#.#####..........#


You could see Ijyb (very poisoned) and a kobold.

Vanquished Creatures
  Robin (D:2)
  3 adders (D:2)
  2 worms (D:2)
  A dart slug (D:1)
  6 bats
  3 endoplasms
  3 giant cockroaches
  14 goblins
  5 hobgoblins
  5 kobolds
  A quokka (D:2)
  3 ball pythons
  5 frilled lizards
  3 rats
55 creatures vanquished.

Notes
Turn   | Place    | Note
-------+----------+-------------------------------------------
     0 | D:1      | alasdair19 the Minotaur Hunter began the quest for the Orb.
     0 | D:1      | Reached XP level 1. HP: 18/18 MP: 0/0
   166 | D:1      | Reached XP level 2. HP: 25/25 MP: 1/1
   198 | D:1      | Reached skill level 5 in Bows
   992 | D:2      | Reached XP level 3. HP: 30/30 MP: 2/2
  1000 | D:2      | Reached skill level 1 in Maces & Flails
  1279 | D:2      | Reached XP level 4. HP: 38/38 MP: 3/3
  1283 | D:2      | Noticed Robin
  1298 | D:2      | Killed Robin
  1299 | D:2      | Reached skill level 1 in Armour
  1567 | D:2      | Found a faded altar of an unknown god.
  2017 | D:2      | Identified a scroll of acquirement
  2017 | D:2      | Acquired the ring "Evuxzieg" {rPois rN+ Str+3 Dex+6}
  2089 | D:3      | Noticed Ijyb
  2097 | D:3      | Slain by Ijyb

Illustrated notes

Levels and vault maps discovered:
D:1:      elethiomel_arrival_shortcut, layout_loops_cross, serial_forest,
          infiniplex_forest_corner_2, infiniplex_forest_straight_4,
          infiniplex_forest_clump_double, infiniplex_forest_straight_4,
          st_stairs_6
D:2:      layout_basic, shapermc_ecumenical_altar_notcrosses, uniq_robin
D:3:      layout_basic, minmay_misc_feat_iff, uniq_ijyb

Skill      XL: |  1  2  3  4 |
---------------+-------------+-----
Bows           | 5 |  5.6
Maces & Flails | 1 2 |  2.2
Fighting       | 3 |  3.1
Armour         | 1 |  1.1
Dodging        | |  2.1
Stealth        | |  0.7

Action                   |  1- 3 |  4- 6 || total
-------------------------+-------+-------++-------
Melee: Short sword       |    15 |       ||    15
       Headbutt          |     6 |     2 ||     8
       Morningstar       |    27 |    19 ||    46
 Fire: Shortbow          |    46 |     7 ||    53
  Use: Scroll            |       |     4 ||     4
 Stab: Sleeping          |       |     1 ||     1
Armor: Leather armour    |    14 |     6 ||    20
Dodge: Dodged            |    34 |    10 ||    44
